Map: [ESL] Oceanborn

Players

PAPl

  • Race: Protoss Protoss
  • Spawn Location: 5:00

HeroMarine - Winner!

  • Race: Terran Terran
  • Spawn Location: 11:00

Event: ESL SC2 Masters 2023 Winter (Regional)

VOD

Have the link to the VOD?

Description

Time

  • Played on: Oct. 27, 2023, 12:43 p.m.
  • Length: 12:00

All games in this series

Show
View Real Time Build Order
Export as new Build Order

PAPl Protoss 

Build Orders: 1 Gate Expand, Phoenix Opening, Blink Stalkers, Chargelot Immortal 

Get SALT Encoding   

  12  0:00  Probe  
  13  0:12  Probe  
  14  0:18  Pylon  
  14  0:24  Probe (Chrono Boost)  
  15  0:36  Probe (Chrono Boost)  
  15  0:37  Gateway  
  16  0:45  Probe (Chrono Boost)  
  16  0:46  Assimilator  
  17  0:51  Probe  
  18  1:03  Probe  
  19  1:15  Probe  
  20  1:21  Nexus  
  20  1:31  Cybernetics Core  
  20  1:34  Probe  
  21  1:40  Assimilator  
  21  1:46  Probe  
  22  1:50  Pylon  
  22  1:59  Probe  
  23  2:05  Adept (Chrono Boost)  
  23  2:08  Warp Gate  
  25  2:11  Probe  
  26  2:23  Probe  
  26  2:27  Shield Battery  
  26  2:28  Stalker (Chrono Boost)  
  29  2:34  Twilight Council  
  29  2:36  Probe  
  30  2:39  Probe  
  31  2:49  Probe  
  32  2:52  Stalker (Chrono Boost)  
  32  2:54  Probe  
  35  3:01  Probe  
  36  3:06  Probe  
  36  3:07  Blink (Chrono Boost)  
  37  3:13  Probe  
  37  3:18  Probe (Chrono Boost)  
  37  3:19  Gateway  
  39  3:25  Sentry  
  42  3:30  Probe (Chrono Boost)  
  42  3:32  Probe (Chrono Boost)  
  42  3:34  Shield Battery  
  43  3:37  Probe (Chrono Boost)  
  43  3:39  Probe (Chrono Boost)  
  45  3:44  Gateway  
  45  3:47  Robotics Facility  
  45  3:49  Probe  
  45  3:54  Pylon  
  46  3:56  Probe  
  46  3:58  Phoenix  
  46  4:04  Nexus  
  46  4:12  Probe x2  
  46  4:13  Stalker  
  46  4:14  Pylon  
  50  4:18  Stalker  
  50  4:23  Assimilator  
  52  4:25  Probe  
  52  4:28  Probe  
  54  4:38  Stalker  
  54  4:45  Probe x2 (Chrono Boost)  
  54  4:47  Observer  
  54  4:50  Stalker  
  58  4:55  Forge  
  58  4:58  Probe x2 (Chrono Boost)  
  60  5:04  Sentry  
  60  5:05  Charge (Chrono Boost)  
  62  5:07  Shield Battery  
  62  5:08  Pylon  
  62  5:10  Pylon  
  62  5:14  Probe  
  62  5:15  Probe  
  62  5:16  Observer, Probe  
  66  5:23  Stalker  
  66  5:25  Protoss Ground Weapons Level 1 (Chrono Boost)  
  66  5:27  Probe x2  
  70  5:29  Probe  
  70  5:31  Gateway  
  70  5:32  Gateway  
  71  5:39  Probe x2  
  71  5:41  Probe  
  74  5:48  Observer  
  74  5:51  Probe  
  74  5:53  Zealot x2  
  74  5:54  Probe  
  74  5:56  Gateway  
  74  5:57  Probe  
  81  6:01  Warp Prism (Chrono Boost)  
  81  6:03  Probe  
  82  6:06  Gateway  
  84  6:16  Zealot  
  84  6:17  Zealot  
  86  6:18  Gateway  
  86  6:22  Gateway  
  86  6:25  Zealot  
  88  6:30  Immortal (Chrono Boost)  
  92  6:39  Pylon x2  
  92  6:42  Pylon  
  92  6:46  Probe  
  93  6:50  Pylon  
  93  6:53  Pylon  
  93  6:58  Zealot  
  93  6:59  Zealot x4  
  98  7:10  Zealot  
  98  7:11  Immortal  
  94  7:19  Zealot x2  
  94  7:20  Zealot x4  
  94  7:21  Zealot  
  104  7:25  Observer  
  84  7:35  Zealot  
  80  7:38  Probe  
  80  7:39  Protoss Ground Weapons Level 2 (Chrono Boost)  
  80  7:41  Zealot x4  
  80  7:42  Zealot x2  
  93  7:47  Immortal (Chrono Boost)  
  93  7:48  Zealot  
  99  8:01  Zealot  
  99  8:02  Zealot x2  
  105  8:06  Zealot  
  105  8:07  Zealot  
  107  8:16  Assimilator  
  107  8:17  Templar Archives  
  101  8:20  Zealot x3  
  101  8:26  Probe x2  
  97  8:27  Immortal (Chrono Boost)  
  97  8:29  Shield Battery  
  101  8:40  Psionic Storm  
  97  8:43  Nexus  
  97  8:45  Sentry  
  97  8:46  Sentry x2, Pylon  
  103  8:49  Zealot, Pylon  
  105  9:03  High Templar x2  
  105  9:05  Zealot x2  
  113  9:10  Zealot x3  
  114  9:30  Stalker x3  
  102  9:33  Zealot x3  
  102  9:38  Zealot x2  
  110  9:43  Probe  
  110  9:44  Probe x2  
  113  9:53  Stalker x2  
  113  9:54  Stalker x2  
  113  9:55  Zealot  
  113  9:56  Zealot  
  113  9:57  Pylon  
  125  10:04  High Templar x2  
  129  10:08  Archon  
  129  10:11  Pylon  
  123  10:25  Zealot x5  
  110  10:40  Zealot  
  110  10:41  Zealot  
  107  10:46  Zealot  
  109  10:51  Pylon  
  109  10:53  Pylon x2  
  109  10:55  Pylon  
  94  11:08  Nexus  
  94  11:11  Pylon  
  94  11:12  Pylon  
  94  11:13  Pylon, Probe x2  
  94  11:17  Stalker x2  
  88  11:29  Stalker x2  
  85  11:34  Probe x2  
  87  11:46  Probe x2  
Show
View Real Time Build Order
Export as new Build Order

HeroMarine Terran - Winner!

Build Orders: Cyclone Opening 

Get SALT Encoding   

  12  0:00  SCV  
  13  0:12  SCV  
  14  0:17  Supply Depot  
  14  0:24  SCV  
  15  0:38  SCV  
  15  0:41  Barracks  
  16  0:43  Refinery  
  16  0:51  SCV  
  16  0:53  Refinery  
  17  1:03  SCV  
  18  1:15  SCV  
  19  1:28  Orbital Command, Reaper  
  19  1:31  Supply Depot  
  20  1:41  Factory  
  20  1:53  SCV  
  21  2:00  Reaper  
  22  2:05  SCV  
  23  2:16  Command Center  
  23  2:18  SCV  
  24  2:29  Cyclone  
  26  2:30  SCV  
  26  2:34  Barracks Reactor  
  27  2:37  Supply Depot  
  27  2:42  SCV  
  28  2:48  Starport  
  28  2:54  SCV  
  29  3:01  Widow Mine  
  31  3:06  SCV  
  31  3:11  Marine x2  
  33  3:18  SCV  
  34  3:23  Widow Mine  
  34  3:24  Medivac  
  38  3:28  Orbital Command  
  38  3:29  Marine x2  
  38  3:31  SCV  
  41  3:43  SCV  
  41  3:46  Factory Tech Lab, Marine, Supply Depot  
  41  3:47  Marine  
  44  3:55  SCV  
  44  3:56  Starport Tech Lab  
  44  4:00  SCV  
  46  4:04  Marine x2  
  46  4:06  Siege Tank  
  46  4:08  Barracks, SCV  
  52  4:12  SCV  
  52  4:15  Raven  
  55  4:18  Supply Depot  
  55  4:20  SCV  
  56  4:24  SCV  
  56  4:28  Marine x2  
  56  4:30  Barracks  
  59  4:33  SCV  
  59  4:36  SCV  
  61  4:43  Siege Tank  
  58  4:46  SCV, Marine, Refinery  
  58  4:47  Engineering Bay  
  58  4:48  SCV  
  58  4:52  Marine  
  62  5:00  SCV x2  
  62  5:01  Supply Depot  
  62  5:03  Stimpack, Marine  
  67  5:08  Refinery  
  67  5:10  Supply Depot  
  67  5:11  Marine x2  
  67  5:12  Starport Reactor  
  67  5:19  SCV x2  
  67  5:20  Terran Infantry Weapons Level 1  
  69  5:21  Marine  
  69  5:24  Supply Depot  
  69  5:25  Marine  
  69  5:26  Factory Reactor  
  71  5:28  Marine  
  71  5:29  Marine  
  71  5:31  SCV x2  
  75  5:39  Combat Shield, Marine  
  75  5:45  Marauder  
  75  5:46  SCV x2  
  75  5:47  Marauder  
  81  5:50  Supply Depot, Marine  
  82  5:57  Medivac, Marine  
  82  6:00  Medivac  
  82  6:03  Supply Depot  
  89  6:04  Widow Mine x2  
  89  6:07  Marauder  
  89  6:08  Marine  
  94  6:12  Marauder  
  94  6:15  Marine  
  97  6:23  Command Center  
  97  6:28  Widow Mine  
  97  6:29  Marauder, Widow Mine  
  97  6:30  Marine  
  104  6:34  Marauder  
  104  6:35  Medivac  
  104  6:38  Medivac  
  110  6:43  Supply Depot  
  110  6:49  Barracks x2  
  110  6:51  Concussive Shells  
  110  7:04  Marine x2  
  110  7:05  Supply Depot, Marauder x2, SCV x2  
  114  7:14  Terran Infantry Armor Level 1  
  104  7:17  SCV x2  
  104  7:22  Marine x2  
  106  7:26  Marauder x2  
  106  7:29  SCV x2  
  90  7:41  SCV x2  
  90  7:42  Barracks Reactor, Barracks Tech Lab  
  91  7:44  Marine x2  
  91  7:45  Medivac  
  91  7:46  Medivac  
  91  7:47  Widow Mine  
  91  7:48  Marauder  
  91  7:49  Widow Mine  
  103  7:53  SCV x2  
  105  8:05  Orbital Command, SCV x2  
  107  8:08  Marine, Marauder  
  108  8:15  Viking  
  108  8:17  SCV x2  
  99  8:28  Marauder x2  
  99  8:29  Widow Mine, SCV x2  
  99  8:30  Marauder  
  99  8:34  SCV  
  106  8:38  Widow Mine  
  106  8:39  Medivac  
  110  8:41  SCV x2  
  110  8:45  Medivac  
  110  8:46  SCV  
  115  8:48  Ghost Academy  
  115  8:51  Marine x3  
  115  8:54  SCV x2  
  120  8:58  Marine, SCV  
  120  9:00  Marine  
  120  9:01  Marine  
  126  9:03  Widow Mine  
  126  9:04  Widow Mine  
  126  9:06  Marine, SCV x2  
  126  9:09  Marine x2, Medivac  
  135  9:10  SCV  
  135  9:14  Supply Depot x2  
  135  9:15  Marine  
  135  9:16  Marine  
  138  9:18  Marine, SCV x2  
  138  9:22  SCV  
  138  9:28  Marine  
  138  9:30  SCV x2  
  138  9:31  Marine  
  130  9:32  Widow Mine x2  
  130  9:37  Refinery x2  
  130  9:38  Armory, Marauder x2  
  138  9:40  Marauder, Marine  
  138  9:41  Engineering Bay  
  141  9:46  Medivac x2  
  145  9:53  Widow Mine x2  
  145  9:55  Command Center  
  145  9:58  Ghost  
  151  10:04  Ghost x2  
  151  10:05  Marine x2  
  157  10:11  Supply Depot  
  157  10:17  Marine  
  157  10:19  Marine  
  154  10:22  Widow Mine x2  
  154  10:23  Marine  
  154  10:25  Marine  
  154  10:27  Marine  
  147  10:29  Orbital Command  
  147  10:33  Ghost, Marine  
  147  10:34  Marine  
  146  10:36  Marine  
  146  10:41  Marine  
  147  10:43  Widow Mine x2, Marine  
  147  10:45  Ghost  
  152  10:51  Marauder  
  152  10:52  Marine  
  152  10:54  Marine  
  152  10:56  SCV  
  157  11:00  SCV, Marine  
  157  11:02  SCV  
  156  11:13  Supply Depot x2, Medivac  
  156  11:15  Widow Mine  
  156  11:16  Marauder, Widow Mine  
  157  11:29  Marauder  
  157  11:30  Marauder  
  155  11:36  Widow Mine  
  155  11:37  Widow Mine  
  155  11:38  Command Center  
Tags
 
Add a new tag
Caveats
  • Supply blocks, unpowered buildings, or Contaminate may cause inaccurate times.
  • Supply counts are checked every 10 seconds.